 Dungeon Crawl Stone Soup version 0.28-b1-1-g3c77fb2ed1 (webtiles) character file.

Game seed: 6783464080085022085

559 hawla the Magician (level 7, -1/55 HPs)
             Began as a Purple Draconian Conjurer on Jan 29, 2022.
             Killed by miscasting Iskenderun's Mystic Blast (11 damage)
             ... on level 4 of the Dungeon on Jan 30, 2022.
             The game lasted 00:12:11 (4556 turns).

hawla the Magician (Purple Draconian Conjurer)      Turns: 4556, Time: 00:12:12

Health: -1/55      AC:  9    Str:  9    XL:     7   Next: 9%
Magic:  3/16       EV: 12    Int: 20    God:
Gold:   167        SH:  0    Dex: 10    Spells: 9/18 levels left

rFire   . . .      SeeInvis .   l - +3 quarterstaff (chaos)
rCold   . . .      Faith    .   (shield currently unavailable)
rNeg    + . .      Spirit   .   (armour unavailable)
rPois   .          Reflect  .   (helmet restricted)
rElec   .          Harm     .   m - +0 cloak
rCorr   +          Rampage  .   (no gloves)
Will    +....                   i - +1 pair of boots
Stlth   ++........              (no amulet)
HPRegen 0.18/turn               h - ring of resist corrosion
MPRegen 0.15/turn               f - ring of positive energy

@: very slightly contaminated
A: breathe power, AC +6, unfitting armour, cold-blooded
a: Breathe Dispelling Energy


You were on level 4 of the Dungeon.
You visited 1 branch of the dungeon, and saw 5 of its levels.

You collected 167 gold pieces.

Inventory:

Hand Weapons
 l - a +3 quarterstaff of chaos (weapon)
Missiles
 d - 7 poisoned darts (quivered)
Armour
 i - a +1 pair of boots (worn)
 m - a +0 cloak (worn)
Jewellery
 e - a ring of flight
 f - a ring of positive energy (right hand)
 h - a ring of resist corrosion (left hand)
Scrolls
 a - a scroll of brand weapon {unknown}
 b - 2 scrolls of enchant armour
 c - a scroll of immolation {unknown}
 j - 2 scrolls of teleportation {unknown}
 k - a scroll of amnesia {unknown}
 n - a scroll of vulnerability {unknown}
 p - 2 scrolls of silence {unknown}
 r - a scroll of fear {unknown}
 s - 3 scrolls of identify
Potions
 g - a potion of flight
 q - a potion of ambrosia


   Skills:
 + Level 2.1 Fighting
 - Level 1.7 Dodging
 - Level 1.7 Stealth
 - Level 6.0 Spellcasting
 - Level 5.0 Conjurations
 - Level 4.0 Translocations


You had 9 spell levels left.
You knew the following spells:

 Your Spells              Type           Power      Damage    Failure   Level
a - Magic Dart            Conj           100%       1d8       1%          1
b - Searing Ray           Conj           52%        2d6       1%          2
c - Iskenderun's Mystic   Conj/Tloc      24%        2d7       16%         4
d - Blink                 Tloc           44%        N/A       3%          2

Your spell library contained the following spells:

 Spells                   Type           Power      Damage    Failure   Level
 Conjure Flame            Conj/Fire      16%        6-21      11%         3
 Dazzling Flash           Conj/Hex       32%        N/A       11%         3
 Ensorcelled Hibernation  Hex/Ice        12%        N/A       16%         2
 Ignite Poison            Fire/Tmut/Pois 6%         N/A       30%         3
 Spider Form              Tmut/Pois      6%         N/A       30%         3
 Fulminant Prism          Conj/Hex       8%         3d7       36%         4
 Sticky Flame             Conj/Fire      16%        2d4       36%         4
 Manifold Assault         Tloc           22%        N/A       50%         5
 Anguish                  Hex/Necr       3%         N/A       71%         4
 Storm Form               Tmut/Air       3%         N/A       100%        7


Dungeon Overview and Level Annotations

Branches:
Dungeon (5/15)
 Temple: D:4-7

Altars:
Kikubaaqudgha
Sif Muna

Shops:
D:2 :


Innate Abilities, Weirdness & Mutations

You can breathe bolts of dispelling energy.
Your rich purple scales are hard. (AC +6)
You cannot fit into any form of body armour.
You are cold-blooded and may be slowed by cold attacks.


Message History

The phantom is moderately damaged.
The phantom is knocked back by the mystic blast.
The mystic blast hits the adder skeleton.
You destroy the adder skeleton!
The mystic blast hits the scorpion.
The scorpion is heavily wounded.
The scorpion is knocked back by the mystic blast.
You feel very sick.
You feel sick.
You feel very sick.
You feel sick.
A hound skeleton comes into view.
You feel sick.
You feel sick.
You feel sick.
You feel sick.
There is a stone staircase leading down here.
You feel sick.
You feel sick.
You are no longer poisoned.
Casting: Iskenderun's Mystic Blast (quite dangerous; 16% risk of failure)
Confirm with . or Enter, or press ? or * to list all spells.
The spell is quite dangerous to miscast (16% risk of failure)!
Continue anyway?
You erupt in a blast of force!
The mystic blast hits the scorpion.
The scorpion is severely wounded.
The scorpion is knocked back by the mystic blast.
The scorpion slams into the rock wall!
The scorpion is almost dead.
There is a stone staircase leading up here.
Casting: Iskenderun's Mystic Blast (quite dangerous; 16% risk of failure)
Confirm with . or Enter, or press ? or * to list all spells.
The spell is quite dangerous to miscast (16% risk of failure)!
Continue anyway?
You miscast Iskenderun's Mystic Blast.
You are very lightly contaminated with residual magic.
Nothing appears to happen.
The scorpion barely misses you.
Casting: Iskenderun's Mystic Blast (quite dangerous; 16% risk of failure)
Confirm with . or Enter, or press ? or * to list all spells.
The spell is quite dangerous to miscast (16% risk of failure)!
Continue anyway?
You miscast Iskenderun's Mystic Blast.
You feel a strange surge of energy!
You die...

### #.### ##...##
###.....## #....#.@.#
###..#.s## ######.....####
#.....#.....>.###
#.......#####...###
#........#.##.....#
##..........###W..####
####..#.............####
####.....##....#........##


You could see a scorpion.

Vanquished Creatures
  Menkaure (D:4)
  A necrophage (D:4)
  An ogre (D:4)
  A water moccasin skeleton (D:4)
  A jelly (D:4)
  An orc priest (D:4)
  Crazy Yiuf (D:2)
  A hound (D:4)
  3 adders
  2 adder skeletons (D:4)
  2 worms (D:2)
  3 orcs
  10 bats
  3 endoplasms
  4 giant cockroaches (D:2)
  11 hobgoblins
  4 jackals (D:2)
  2 quokkas
  4 ball pythons
  7 frilled lizards
  4 goblins
  3 kobolds
  3 rats
73 creatures vanquished.

Vanquished Creatures (others)
  2 plants (D:3)
2 creatures vanquished.

Grand Total: 75 creatures vanquished

Notes
Turn   | Place    | Note
-------+----------+-------------------------------------------
     0 | D:1      | hawla the Draconian Conjurer began the quest for the Orb.
     0 | D:1      | Reached XP level 1. HP: 14/14 MP: 3/3
   115 | D:1      | Found a faded altar of an unknown god.
   247 | D:1      | Reached XP level 2. HP: 20/20 MP: 1/5
   250 | D:1      | Learned a level 2 spell: Searing Ray
   569 | D:1      | Reached skill level 1 in Translocations
  1322 | D:2      | Reached XP level 3. HP: 26/26 MP: 1/6
  1504 | D:2      | Found a shimmering blue altar of Sif Muna.
  2027 | D:2      | Found Rutra's Book Shoppe.
  2423 | D:2      | Found a runed translucent door.
  2424 | D:2      | Noticed Crazy Yiuf
  2431 | D:2      | HP: 1/26 [Crazy Yiuf (10)]
  2432 | D:2      | Killed Crazy Yiuf
  2433 | D:2      | Reached skill level 3 in Spellcasting
  2433 | D:2      | Reached XP level 4. HP: 2/33 MP: 0/8
  3418 | D:3      | Learned a level 4 spell: Iskenderun's Mystic Blast
  3421 | D:3      | Learned a level 2 spell: Blink
  3504 | D:4      | Reached XP level 5. HP: 38/38 MP: 3/9
  3555 | D:4      | Found an ancient bone altar of Kikubaaqudgha.
  3676 | D:4      | Reached skill level 5 in Conjurations
  3768 | D:4      | Noticed a necrophage
  3774 | D:4      | Killed a necrophage
  3775 | D:4      | Reached XP level 6. HP: 45/45 MP: 1/11
  3814 | D:4      | Reached skill level 4 in Spellcasting
  3829 | D:4      | Noticed Menkaure
  3835 | D:5      | Entered Level 5 of the Dungeon
  4254 | D:4      | Killed Menkaure
  4534 | D:4      | HP: 1/45 [ogre (28)]
  4537 | D:4      | Reached skill level 5 in Spellcasting
  4537 | D:4      | Your scales start taking on a rich purple colour.
  4537 | D:4      | Reached skill level 6 in Spellcasting
  4537 | D:4      | Reached XP level 7. HP: 4/55 MP: 0/16
  4556 | D:4      | Killed by miscasting Iskenderun's Mystic Blast

Illustrated notes

Levels and vault maps discovered:
D:1:      minmay_arrival_radiant_lines, layout_loops_ring,
          hellmonk_ecumenical_altar_arch_garden
D:2:      layout_loops_corners, serial_shops, nicolae_shop_statue_plus,
          basic_altar, uniq_crazy_yiuf_cottage
D:3:      cheibrodos_old_hovel, layout_basic
D:4:      kennysheep_kobold_camp, layout_cave_pools,
          nicolae_kikubaaqudgha_miasma_corner, uniq_menkaure, uniq_robin,
          uniq_edmund
D:5:      layout_cave_pods, amcnicky_altar_gilded, mainiacjoe_overflow_swirl,
          corexii_leaking_fountain, kennysheep_generic_room_2

Skill      XL: |  1  2  3  4  5  6 |
---------------+-------------------+-----
Translocations | 1 2 3 4 |  4.0
Spellcasting   | 3 6 |  6.0
Conjurations   | 5 |  5.0
Fighting       | 2 |  2.1
Dodging        | |  1.7
Stealth        | |  1.7

Action                   |  1- 3 |  4- 6 |  7- 9 || total
-------------------------+-------+-------+-------++-------
Melee: Unarmed           |     6 |       |       ||     6
       Quarterstaff      |       |    14 |     2 ||    16
       Tailslap          |       |     3 |       ||     3
 Cast: Magic Dart        |    40 |    15 |       ||    55
       Searing Ray       |    22 |    18 |       ||    40
       Iskenderun's Myst |       |     7 |     2 ||     9
  Use: Scroll            |     3 |       |       ||     3
       Potion            |       |     1 |     2 ||     3
Armor: Skin              |    13 |    10 |     3 ||    26
Dodge: Dodged            |     6 |     9 |     6 ||    21
